 Dungeon Crawl Stone Soup version 0.28.0-47-ge53b351184 (webtiles) character file.

Game seed: 17352919118658477397

144 NinjaNoafa the Grave Robber (level 5, 26/28 HPs)
             Began as a Deep Elf Necromancer on May 5, 2022.
             Quit the game on level 3 of the Dungeon.
             The game lasted 00:06:16 (2908 turns).

NinjaNoafa the Grave Robber (Deep Elf Necromancer)  Turns: 2908, Time: 00:06:16

Health: 26/28      AC:  3    Str:  5    XL:     5   Next: 5%
Magic:  10/13      EV: 13    Int: 22    God:
Gold:   134        SH:  0    Dex: 15    Spells: 10/12 levels left

rFire   . . .      SeeInvis .   (no weapon)
rCold   + . .      Faith    .   (no shield)
rNeg    . . .      Spirit   .   a - +0 robe
rPois   .          Reflect  .   (no helmet)
rElec   .          Harm     .   (no cloak)
rCorr   .          Rampage  .   k - +0 pair of gloves
Will    .....                   (no boots)
Stlth   +++.......              (no amulet)
HPRegen 0.09/turn               i - ring of protection from cold
MPRegen 0.13/turn               (no ring)

@: no status effects
A: no striking features
a: no special abilities


You were on level 3 of the Dungeon.
You visited 1 branch of the dungeon, and saw 3 of its levels.

You collected 134 gold pieces.

Inventory:

Missiles
 e - 6 poisoned darts
Armour
 a - a +0 robe (worn)
 k - a +0 pair of gloves (worn)
Jewellery
 i - a ring of protection from cold (left hand)
Scrolls
 b - a scroll of fog {unknown}
 g - a scroll of identify {unknown}
 j - a scroll of vulnerability {unknown}
 l - a scroll of teleportation {unknown}
Potions
 c - 2 potions of berserk rage
 d - a potion of magic {unknown}
 f - 2 potions of curing {unknown}
 h - a potion of cancellation {unknown}
 m - a potion of degeneration {unknown}


   Skills:
 + Level 3.8 Dodging
 + Level 3.9 Stealth
 + Level 4.3 Spellcasting
 + Level 5.6 Necromancy
 * Level 0.7 Translocations


You had 10 spell levels left.
You knew the following spells:

 Your Spells              Type           Power      Damage    Failure   Level
a - Pain                  Necr           100%       1d9       1%          1
b - Animate Skeleton      Necr           58%        N/A       1%          1

Your spell library contained the following spells:

 Spells                   Type           Power      Damage    Failure   Level
 Vampiric Draining        Necr           29%        2d8       3%          3
 Animate Dead             Necr           14%        N/A       11%         4
 Gell's Gravitas          Tloc           8%         N/A       24%         3
 Teleport Other           Tloc           8%         N/A       24%         3
 Agony                    Necr           29%        N/A       30%         5
 Dispersal                Tloc           4%         N/A       100%        6


Dungeon Overview and Level Annotations

Branches:
Dungeon (3/15)

Altars:


Message History

Aim: a goblin, wielding a +0 dagger and quivering stones (asleep, chance to affect: 93%)
The goblin shouts!
The goblin writhes in agony.
Casting: Pain (safe; 1% risk of failure)
Confirm with . or Enter, or press ? or * to list all spells.
Aiming: Pain (safe; 1% risk of failure)
Press: ? - help, Shift-Dir - straight line, f/p - goblin
Aim: a goblin, wielding a +0 dagger and quivering stones (heavily wounded, chance to affect: 93%)
The goblin writhes in agony.
You kill the goblin!
Unknown command.
Things that are here:
a +0 dagger; a +0 hunting sling; 20 stones Magic restored.
Key pressed, stopping explore.
HP restored.
m - a bubbling amethyst potion
Found a stone staircase leading down.
Found a scale mail.
You see here a +0 scale mail.
Found 29 stones.
You see here 29 stones.
An adder comes into view.
An adder is nearby!
The adder hisses angrily.
Casting: Pain (safe; 1% risk of failure)
Confirm with . or Enter, or press ? or * to list all spells.
Aiming: Pain (safe; 1% risk of failure)
Press: ? - help, Shift-Dir - straight line, f - adder
Aim: an adder (chance to affect: 88%)
The adder writhes in agony!
Casting: Pain (safe; 1% risk of failure)
Confirm with . or Enter, or press ? or * to list all spells.
Aiming: Pain (safe; 1% risk of failure)
Press: ? - help, Shift-Dir - straight line, f/p - adder
Aim: an adder (almost dead, chance to affect: 88%)
The adder writhes in agony.
You kill the adder!
You have reached level 5!
Are you sure you want to abandon this character and quit the game? (Confirm with "yes".)

############
#...@.......
#.##########
#.# #.# #.#
#.######
#......#
#(.....#
#......##


There were no monsters in sight!

Vanquished Creatures
  A scorpion (D:2)
  An adder (D:3)
  A worm (D:3)
  7 endoplasms
  4 giant cockroaches
  9 goblins
  6 hobgoblins
  3 jackals (D:1)
  5 quokkas
  10 ball pythons
  3 bats
  5 frilled lizards
  4 kobolds
  6 rats
65 creatures vanquished.

Vanquished Creatures (collateral kills)
  A ball python (D:2)
  A goblin (D:1)
  A hobgoblin (D:2)
3 creatures vanquished.

Grand Total: 68 creatures vanquished

Notes
Turn   | Place    | Note
-------+----------+-------------------------------------------
     0 | D:1      | NinjaNoafa the Deep Elf Necromancer began the quest for the
                  | Orb.
     0 | D:1      | Reached XP level 1. HP: 10/10 MP: 6/6
   239 | D:1      | Reached skill level 5 in Necromancy
   239 | D:1      | Reached XP level 2. HP: 1/15 MP: 0/8
   531 | D:1      | Learned a level 1 spell: Animate Skeleton
  1203 | D:1      | Reached XP level 3. HP: 17/19 MP: 7/10
  1375 | D:2      | Found a faded altar of an unknown god.
  1733 | D:2      | Noticed a scorpion
  1741 | D:2      | Killed a scorpion
  1742 | D:2      | Reached XP level 4. HP: 21/24 MP: 8/12
  2908 | D:3      | Reached XP level 5. HP: 26/28 MP: 10/13
  2908 | D:3      | Quit the game

Illustrated notes

Levels and vault maps discovered:
D:1:      ebering_trefoil_twist, layout_rooms, hangedman_glass_teeth,
          minmay_misc_feat_square
D:2:      layout_rooms, nicolae_ecumenical_snake_handling
D:3:      layout_basic, mainiacjoe_overflow_catwalk

Skill      XL: |  1  2  3 |
---------------+----------+-----
Necromancy     | 5 |  5.6
Stealth        | 3 |  3.9
Dodging        | 3 |  3.8
Spellcasting   | 4 |  4.3
Translocations | |  0.7

Action                   |  1- 3 |  4- 6 || total
-------------------------+-------+-------++-------
Melee: Unarmed           |     1 |     5 ||     6
 Cast: Pain              |    59 |    49 ||   108
       Animate Skeleton  |     8 |     6 ||    14
  Use: Potion            |       |     1 ||     1
Armor: Robe              |     5 |     3 ||     8
Dodge: Dodged            |    23 |     7 ||    30
